 Dungeon Crawl Stone Soup version 0.31-a0-162-gc4c5a43528 (webtiles) character file.

Game seed: 5569726202898899328

520 qw the Shooter (level 7, 0/44 HPs)
             Began as a Gargoyle Hunter on June 12, 2023.
             Slain by Duvessa
             ... wielding a +0 rapier
              (5 damage)
             ... on level 4 of the Dungeon.
             The game lasted 00:01:18 (2955 turns).

qw the Shooter (Gargoyle Hunter)                    Turns: 2955, Time: 00:01:18

Health: 0/44       AC: 10    Str: 15    XL:     7   Next: 21%
Magic:  7/7        EV: 12    Int: 12    God:
Gold:   137        SH:  0    Dex: 15    Spells: 6/6 levels left

rFire   + + +        Y - +0 shortbow
rCold   + . .        (shield currently unavailable)
rNeg    + + .        h - +2 robe {rF+}
rPois   inf          (no helmet)
rElec   +            (no cloak)
rCorr   .            n - +1 pair of gloves
SInv    +            (no boots)
Will    .....        a - amulet of regeneration
Stlth   ++           b - ring of Xabufuan {rC+ rN+ Int+3 SInv}
HPRegen 1.07/turn    (no ring)
MPRegen 0.10/turn

%: no passive effects
@: no status effects
A: sickness immunity, AC +4, negative energy resistance 1, electricity
resistance, torment resistance 1, petrification resistance, fire resistance 2,
high MP 1
a: no special abilities


You were on level 4 of the Dungeon.
You visited 1 branch of the dungeon, and saw 4 of its levels.

You collected 137 gold pieces.


Innate Abilities, Weirdness & Mutations

You are immune to sickness and miasma.
Your stone body is resilient. (AC +4)
You are immune to poison.
You resist negative energy. (rN+)
You are resistant to electric shocks. (rElec)
You are resistant to unholy torment.
You are immune to petrification.
Your flesh is very heat resistant. (rF++)
You have an increased reservoir of magic. (+10% MP)


   Skills:
 - Level 5.3 Fighting
 + Level 6.9 Ranged Weapons
 - Level 1.3 Armour
 - Level 1.5 Dodging
 - Level 1.1 Stealth


You had 6 spell levels left.
You didn't know any spells.
Your spell library was empty.

Inventory:

Hand Weapons
 Y - a +0 shortbow (weapon)
Armour
 h - a +2 robe of fire resistance (worn)
 n - a +1 pair of gloves (worn)
Jewellery
 a - an amulet of regeneration (around neck)
 b - the ring of Xabufuan (left hand) {rC+ rN+ Int+3 SInv}
   (You acquired it on level 3 of the Dungeon)

   [ring of positive energy]

   Int:       It affects your intelligence (+3).
   rC:        It protects you from cold.
   rN:        It protects you from negative energy.
   SInv:      It lets you see invisible.
 e - a ring of protection from cold
Scrolls
 l - a scroll of revelation {unknown}
Potions
 c - a potion of degeneration {unknown}
 d - 3 potions of curing
 f - a potion of ambrosia {unknown}
 g - 2 potions of might {unknown}
 i - a potion of cancellation {unknown}
 j - a potion of mutation
 k - a potion of resistance {unknown}
 m - a potion of attraction {unknown}
 o - a potion of magic {unknown}

Dungeon Overview and Level Annotations

Branches:
Dungeon (4/15)
 Temple: D:4-7

Altars:
Xom

Shops:
D:2 =

Annotations:
D:4 Duvessa, Menkaure


Message History

You shoot an arrow.
The arrow hits Duvessa but does no damage.
Duvessa is lightly wounded.
Duvessa hits you with a +0 rapier!
You shoot an arrow. The arrow barely misses Duvessa.
Duvessa hits you with a +0 rapier!
You shoot an arrow. The arrow hits Duvessa.
Duvessa is lightly wounded.
Duvessa hits you but does no damage. Duvessa barely misses you.
You shoot an arrow.
The arrow hits Duvessa but does no damage.
Duvessa is lightly wounded.
Duvessa closely misses you.
You shoot an arrow. The arrow barely misses Duvessa.
Duvessa hits you but does no damage. Duvessa hits you with a +0 rapier.
You shoot an arrow.
The arrow hits Duvessa but does no damage.
Duvessa is lightly wounded.
Duvessa hits you but does no damage. Duvessa barely misses you.
You shoot an arrow. The arrow hits Duvessa!
Duvessa is lightly wounded.
Duvessa hits you with a +0 rapier.
You shoot an arrow. The arrow closely misses Duvessa.
Duvessa closely misses you. Duvessa hits you with a +0 rapier.
You shoot an arrow. The arrow barely misses Duvessa.
Duvessa hits you with a +0 rapier!
You shoot an arrow. The arrow barely misses Duvessa.
Duvessa closely misses you. Duvessa hits you with a +0 rapier!
You shoot an arrow.
The arrow hits Duvessa but does no damage.
Duvessa is lightly wounded.
Duvessa hits you but does no damage. Duvessa closely misses you.
You shoot an arrow.
The arrow hits Duvessa but does no damage.
Duvessa is lightly wounded.
Duvessa misses you.
You shoot an arrow. The arrow hits Duvessa.
Duvessa is lightly wounded.
Duvessa hits you but does no damage. Duvessa hits you with a +0 rapier.
You die...

##...........###
#.).......%...##
#......####....###
##........###.....##
#.......... ##.....#
##......... ##.....
#......... ##....
#......... ##...
#.@....... ##..
##.e...... ###
......... .######
####...... .......
#..... ####### #...#
#. ...# #.. ..# #..
#..#


You could see Duvessa (berserk).

Vanquished Creatures
  Sigmund (D:2)
  Dowan (D:4)
  A howler monkey (D:4)
  A hound (D:4)
  A gnoll bouda (D:4)
  Jessica (D:3)
  A sleepcap (D:4)
  Ijyb (D:3)
  3 gnolls (D:4)
  4 adders
  A worm (D:2)
  A dart slug (D:1)
  6 orcs
  7 bats
  5 endoplasms
  A giant cockroach (D:1)
  6 goblins
  4 hobgoblins
  4 jackals (D:1)
  4 quokkas
  7 ball pythons
  4 kobolds
  4 rats
69 creatures vanquished.

Notes
Turn   | Place    | Note
-------+----------+-------------------------------------------
     0 | D:1      | qw the Gargoyle Hunter began the quest for the Orb.
     0 | D:1      | Reached XP level 1. HP: 12/12 MP: 1/1
     0 | D:1      | 0 ||| qw: Version: 0.2-a-29-gc1b59c4
     0 | D:1      | 0 ||| qw: Game counter: 4422
     0 | D:1      | 0 ||| qw: Always use a shield: true
     0 | D:1      | 0 ||| qw: God list: Okawaru
     0 | D:1      | 0 ||| qw: Allow faded altars: false
     0 | D:1      | 0 ||| qw: Do Orc after D:15 true
     0 | D:1      | 0 ||| qw: Do second Lair branch before Depths: true
     0 | D:1      | 0 ||| qw: Lair rune preference: random
     0 | D:1      | 0 ||| qw: Plans: Normal, Zot:1-4, Slime:5, God:TSO, Crypt,
                  | Tomb, Abyss, Pan, Hells, Win
     0 | D:1      | 0 ||| PLANNING D:1-11
    93 | D:1      | Reached XP level 2. HP: 17/17 MP: 2/2
   465 | D:1      | Reached XP level 3. HP: 21/21 MP: 3/3
   778 | D:1      | 778 ||| READING scroll labelled INTUTATIFYP.
   779 | D:1      | 779 ||| READING scroll labelled MEGOUG ERACAENK.
   780 | D:1      | 780 ||| DROPPING scroll of butterflies.
   899 | D:2      | Reached skill level 5 in Ranged Weapons
   918 | D:2      | Noticed Sigmund
   940 | D:2      | Killed Sigmund
   941 | D:2      | Reached XP level 4. HP: 14/31 MP: 4/4
   941 | D:2      | Reached XP level 5. HP: 16/35 MP: 5/5
  1146 | D:2      | Found Tatus's Jewellery Boutique.
  1150 | D:2      | 1150 ||| SHOPLISTING +6 ring of strength (396 gold, have
                  | 70).
  1150 | D:2      | 1150 ||| SHOPLISTING ring of fire (275 gold, have 70).
  1150 | D:2      | 1150 ||| SHOPLISTING ring of protection from cold (275
                  | gold, have 70).
  1150 | D:2      | 1150 ||| SHOPLISTING ring of protection from fire (275
                  | gold, have 70).
  1150 | D:2      | 1150 ||| SHOPLISTING ring of resist corrosion (220 gold,
                  | have 70).
  1150 | D:2      | 1150 ||| SHOPLISTING ring of see invisible (165 gold, have
                  | 70).
  1181 | D:2      | Found a shimmering altar of Xom.
  1592 | D:2      | 1592 ||| UPGRADING to +0 pair of gloves.
  1597 | D:2      | 1597 ||| UPGRADING to +0 ring mail.
  1607 | D:2      | 1607 ||| DROPPING +0 leather armour.
  1608 | D:2      | 1608 ||| UPGRADING to amulet of regeneration.
  1613 | D:2      | 1613 ||| DROPPING ring of magical power.
  1614 | D:2      | 1614 ||| READING scroll labelled SOMAUFF BIFERPH.
  1615 | D:2      | 1615 ||| READING scroll labelled PEF JOXZYBB.
  1616 | D:2      | 1616 ||| DRINKING 3 fizzy golden potions.
  1617 | D:2      | 1617 ||| DRINKING 2 coppery potions.
  1618 | D:2      | 1618 ||| DROPPING potion of invisibility.
  1644 | D:3      | Noticed Ijyb
  1648 | D:3      | 1648 ||| FLEEEEING.
  1667 | D:3      | Killed Ijyb
  1668 | D:3      | Reached skill level 1 in Armour
  1668 | D:3      | Reached XP level 6. HP: 25/40 MP: 6/6
  1933 | D:3      | Noticed Jessica
  1951 | D:3      | Killed Jessica
  2465 | D:3      | 2465 ||| UPGRADING to +2 robe of fire resistance.
  2475 | D:3      | 2475 ||| DROPPING +0 ring mail.
  2476 | D:3      | 2476 ||| UPGRADING to +1 pair of gloves.
  2486 | D:3      | 2486 ||| DROPPING +0 pair of gloves.
  2487 | D:3      | 2487 ||| READING scroll labelled POJO HAPNAL.
  2487 | D:3      | Identified a scroll of acquirement
  2487 | D:3      | 2487 ||| ACQUIRING ring of Xabufuan {rC+ rN+ Int+3 SInv}
  2487 | D:3      | Acquired the ring of Xabufuan {rC+ rN+ Int+3 SInv}
  2489 | D:3      | 2489 ||| UPGRADING to ring of Xabufuan {rC+ rN+ Int+3
                  | SInv}.
  2490 | D:3      | 2490 ||| READING scroll labelled NUNIDIRADIB.
  2491 | D:3      | 2491 ||| DRINKING 2 yellow potions.
  2491 | D:3      | Gained mutation: You have an increased reservoir of magic.
                  | (+10% MP) [potion of mutation]
  2491 | D:3      | Gained mutation: Your flesh is heat resistant. (rF+)
                  | [potion of mutation]
  2491 | D:3      | Gained mutation: Your flesh is very heat resistant. (rF++)
                  | [potion of mutation]
  2492 | D:3      | 2492 ||| DRINKING 2 golden potions.
  2589 | D:4      | HP: 10/40 [orc/+0 trident (2)]
  2590 | D:4      | 2590 ||| DRINKING potion of heal wounds.
  2594 | D:4      | Reached skill level 6 in Ranged Weapons
  2635 | D:4      | Noticed Menkaure
  2638 | D:4      | 2638 ||| FLEEEEING.
  2639 | D:4      | 2639 ||| FLEEEEING.
  2640 | D:4      | 2640 ||| FLEEEEING.
  2641 | D:4      | 2641 ||| FLEEEEING.
  2647 | D:4      | 2647 ||| FLEEEEING.
  2648 | D:4      | 2648 ||| FLEEEEING.
  2649 | D:4      | 2649 ||| FLEEEEING.
  2650 | D:4      | 2650 ||| FLEEEEING.
  2651 | D:4      | 2651 ||| FLEEEEING.
  2653 | D:4      | 2653 ||| FLEEEEING.
  2654 | D:4      | 2654 ||| FLEEEEING.
  2715 | D:4      | Reached XP level 7. HP: 44/44 MP: 7/7
  2911 | D:4      | Noticed Dowan
  2931 | D:4      | Killed Dowan
  2940 | D:4      | Noticed Duvessa
  2952 | D:4      | HP: 2/44 [Duvessa/+0 rapier (15)]
  2955 | D:4      | Slain by Duvessa

Levels and vault maps discovered:
D:1:      zelgadis_glass_arrival_small, layout_basic, serial_rivers,
          chequers_serial_rivers_room_b, chequers_serial_rivers_marsh,
          chequers_serial_rivers_micro_d, chequers_serial_rivers_large_a,
          chequers_serial_rivers_marsh
D:2:      layout_basic, serial_shops, nicolae_shop_back_alley_shop, basic_altar,
          uniq_sigmund
D:3:      layout_basic, minmay_misc_feat_hallway, uniq_ijyb, uniq_jessica
D:4:      layout_cave_pods, gammafunk_ghost_cemetery, uniq_duvessa,
          uniq_menkaure

Skill      XL: |  1  2  3  4  5  6 |
---------------+-------------------+-----
Ranged Weapons | 5 6 |  6.9
Fighting       | 5 |  5.3
Armour         | 1 |  1.3
Dodging        | |  1.5
Stealth        | |  1.1

Action                     |  1- 3 |  4- 6 |  7- 9 || total
---------------------------+-------+-------+-------++-------
   Fire: Shortbow          |    78 |   178 |    52 ||   308
    Use: Scroll            |     2 |     4 |       ||     6
         Potion            |       |     5 |       ||     5
 Armour: Leather armour    |    17 |     6 |       ||    23
         Ring mail         |       |    17 |       ||    17
         Robe              |       |    21 |    10 ||    31
  Dodge: Dodged            |    15 |    63 |    18 ||    96

Table legend:
 A = Non-vault XP
 B = Vault XP
 C = Vault XP percentage of total XP
 D = Non-vault monster count
 E = Vault monster count
 F = Vault count percentage of total count
                 A         B        C        D         E       F
            +---------+---------+-------+---------+---------+-------
      Total |     371 |     373 |  50.1 |      65 |       4 |   5.8
            +---------+---------+-------+---------+---------+-------
        D:1 |      36 |       0 |   0.0 |      20 |       0 |   0.0
        D:2 |      44 |     231 |  84.0 |      13 |       1 |   7.1
        D:3 |      45 |      73 |  61.9 |      13 |       2 |  13.3
        D:4 |     246 |      69 |  21.9 |      19 |       1 |   5.0
            +---------+---------+-------+---------+---------+-------
